3A
MANCELONA TORCH @ MYRTLE BEACH SEAHAWKS
08/18/2028
 
TOP OF THE 1ST
Mancelona Torch batting - Pitching for Myrtle Beach Seahawks : LHP Garrett Schaper
Pitching: LHP Garrett Schaper
Batting: LHB Jim Halpert 0-0: Ground out 3-1 (Groundball, 34S)
Batting: RHB Bob Phillips 0-0: Ball
1-0: Called Strike
1-1: Swinging Strike
1-2: Ball
2-2: Foul Ball, location: 2F
2-2: Strikes out looking
Batting: LHB Yu-zeng Si 0-0: Ground out 4-3 (Groundball, 4D)
Top of the 1st over - 0 run(s), 0 hit(s), 0 error(s), 0 left on base; Mancelona 0 - Myrtle Beach 0
BOTTOM OF THE 1ST
Myrtle Beach Seahawks batting - Pitching for Mancelona Torch : RHP David Buchanan
Pitching: RHP David Buchanan
Batting: RHB Reece Cockin 0-0: Ball
1-0: SINGLE (Line Drive, 89S)
Batting: RHB Juan Mata 0-0: Called Strike
0-1: Ball
1-1: Ball
2-1: Grounds into double play, 6-4-3 (Groundball, 6)
Batting: RHB Aquiles Morda 0-0: Called Strike
0-1: Foul Ball, location: 2F
0-2: Ball
1-2: Ball
2-2: Strikes out looking
Bottom of the 1st over - 0 run(s), 1 hit(s), 0 error(s), 0 left on base; Mancelona 0 - Myrtle Beach 0
TOP OF THE 2ND
Mancelona Torch batting - Pitching for Myrtle Beach Seahawks : LHP Garrett Schaper
Batting: RHB Kyle Vandenbrink 0-0: Called Strike
0-1: Ball
1-1: Ball
2-1: Ball
3-1: Swinging Strike
3-2: Fly out, F7 (Line Drive, 7)
Batting: LHB Alberto Hernández 0-0: Foul Ball, location: 2F
0-1: Ball
1-1: Foul Ball, location: 2F
1-2: Foul Ball, location: 2F
1-2: Foul Ball, location: 2F
1-2: Foul Ball, location: 2F
1-2: Ball
2-2: SINGLE (Groundball, 34D)
Batting: LHB Badry Maksimenov 0-0: Swinging Strike
0-1: Swinging Strike
0-2: Ball
1-2: Foul Ball, location: 2F
1-2: Ball
Alberto Hernández is caught stealing 2nd base
2-2: Ball
3-2: Strikes out looking
Top of the 2nd over - 0 run(s), 1 hit(s), 0 error(s), 0 left on base; Mancelona 0 - Myrtle Beach 0
BOTTOM OF THE 2ND
Myrtle Beach Seahawks batting - Pitching for Mancelona Torch : RHP David Buchanan
Batting: RHB Andy Llewellyn 0-0: Ball
1-0: Ball
2-0: Foul Ball, location: 2F
2-1: Ground out 6-3 (Groundball, 6)
Batting: RHB Francisco Moreno 0-0: Fly out, F8 (Flyball, 8LD)
Batting: LHB Peter Ough 0-0: SINGLE (Line Drive, 9S)
Batting: RHB Doug Allerdale 0-0: Ball
1-0: Fly out, F8 (Flyball, 8RM)
Bottom of the 2nd over - 0 run(s), 1 hit(s), 0 error(s), 1 left on base; Mancelona 0 - Myrtle Beach 0
TOP OF THE 3RD
Mancelona Torch batting - Pitching for Myrtle Beach Seahawks : LHP Garrett Schaper
Batting: RHB Armando Pacheco 0-0: Called Strike
0-1: Called Strike
0-2: SINGLE (Line Drive, 3)
Batting: RHB Ratko Ralevic 0-0: Ball
Armando Pacheco steals 2nd base
1-0: Called Strike
1-1: Ball
2-1: Ground out 6-3 (Groundball, 6S)
Armando Pacheco to third
Batting: RHB Adrijan Markovski 0-0: Ball
1-0: Foul Ball, location: 2F
1-1: 2-RUN HOME RUN (Flyball, 7D), Distance : 402 ft
Batting: LHB Jim Halpert 0-0: DOUBLE (Line Drive, 7LM)
Batting: RHB Bob Phillips 0-0: Ball
1-0: Ball
2-0: Ball
3-0: Base on Balls
Batting: LHB Yu-zeng Si 0-0: Swinging Strike
0-1: Swinging Strike
0-2: Ball
1-2: Ball
2-2: Ball
3-2: SINGLE (Flyball, 89S)
Jim Halpert to third
Bob Phillips to second
Runner from 3rd tries for Home, SAFE, no throw
Batting: RHB Kyle Vandenbrink 0-0: Ball
1-0: Ball
2-0: Ball
3-0: Base on Balls
Bob Phillips to third
Yu-zeng Si to second
Batting: LHB Alberto Hernández 0-0: Called Strike
0-1: Foul Ball, location: 2F
0-2: Ball
1-2: Strikes out swinging
Batting: LHB Badry Maksimenov 0-0: Called Strike
0-1: Swinging Strike
0-2: Foul Ball, location: 2F
0-2: Ball
1-2: Strikes out swinging
Top of the 3rd over - 3 run(s), 4 hit(s), 0 error(s), 3 left on base; Mancelona 3 - Myrtle Beach 0
BOTTOM OF THE 3RD
Myrtle Beach Seahawks batting - Pitching for Mancelona Torch : RHP David Buchanan
Batting: RHB Melvin Aikey 0-0: Ball
1-0: Ball
2-0: Ground out 5-3 (Groundball, 56)
Batting: RHB Howard Lee 0-0: Ball
1-0: Called Strike
1-1: SINGLE (Flyball, 8RS)
Batting: RHB Reece Cockin 0-0: Ball
1-0: Grounds into double play, 6-4-3 (Groundball, 6)
Bottom of the 3rd over - 0 run(s), 1 hit(s), 0 error(s), 0 left on base; Mancelona 3 - Myrtle Beach 0
TOP OF THE 4TH
Mancelona Torch batting - Pitching for Myrtle Beach Seahawks : LHP Garrett Schaper
Batting: RHB Armando Pacheco 0-0: Called Strike
0-1: Foul Ball, location: 2F
0-2: SINGLE (Line Drive, 3)
Batting: RHB Ratko Ralevic 0-0: Foul Ball, location: 2F
0-1: Fly out, F4 (Popup, 3D)
Batting: RHB Adrijan Markovski 0-0: Ball
1-0: Called Strike
1-1: Called Strike
1-2: Foul Ball, location: 2F
1-2: DOUBLE (Flyball, 78XD)
Armando Pacheco to third
Runner from 3rd tries for Home, SAFE, no throw
Batting: LHB Jim Halpert 0-0: Ball
1-0: Ball
2-0: Foul Ball, location: 2F
2-1: Fly out, F9 (Flyball, 9LM)
Batting: RHB Bob Phillips 0-0: Ball
1-0: Ball
2-0: Swinging Strike
2-1: Ball
3-1: Foul Ball, location: 2F
3-2: Base on Balls
Batting: LHB Yu-zeng Si 0-0: Called Strike
0-1: DOUBLE (Line Drive, 9LM)
Adrijan Markovski scores
Bob Phillips to third
Runner from 3rd tries for Home, SAFE, no throw
Pitching: LHP Ramón Anaya
Batting: RHB Kyle Vandenbrink 0-0: Ball
1-0: Ball
2-0: Called Strike
2-1: Swinging Strike
2-2: Ball
3-2: Base on Balls
Batting: LHB Alberto Hernández 0-0: Called Strike
0-1: Ball
1-1: Foul Ball, location: 2F
1-2: Strikes out swinging
Top of the 4th over - 3 run(s), 3 hit(s), 0 error(s), 2 left on base; Mancelona 6 - Myrtle Beach 0
BOTTOM OF THE 4TH
Myrtle Beach Seahawks batting - Pitching for Mancelona Torch : RHP David Buchanan
Batting: RHB Juan Mata 0-0: Ball
1-0: Ground out 5-3 (Groundball, 56)
Batting: RHB Aquiles Morda 0-0: Called Strike
0-1: Ball
1-1: Ball
2-1: Ball
3-1: Base on Balls
Batting: RHB Andy Llewellyn 0-0: Called Strike
0-1: DOUBLE (Groundball, 5L)
Aquiles Morda to third
Batting: RHB Francisco Moreno 0-0: Foul Ball, location: 2F
0-1: Foul Ball, location: 2F
0-2: Ball
1-2: SINGLE (Groundball, 6MD)
Aquiles Morda scores
Andy Llewellyn to third
Runner from 3rd tries for Home, SAFE, throw made home
Francisco Moreno to second
Batting: LHB Peter Ough 0-0: Ground out 4-3 (Groundball, 4)
Francisco Moreno to third
Batting: RHB Doug Allerdale 0-0: Ball
1-0: Ball
2-0: Ball
3-0: Called Strike
3-1: Foul Ball, location: 2F
3-2: Foul Ball, location: 2F
3-2: Foul Ball, location: 2F
3-2: Ground out 5-3 (Groundball, 56)
Bottom of the 4th over - 2 run(s), 2 hit(s), 0 error(s), 1 left on base; Mancelona 6 - Myrtle Beach 2
TOP OF THE 5TH
Mancelona Torch batting - Pitching for Myrtle Beach Seahawks : LHP Ramón Anaya
Batting: LHB Badry Maksimenov 0-0: Called Strike
0-1: DOUBLE (Flyball, 7)
Batting: RHB Armando Pacheco 0-0: Ball
1-0: Called Strike
1-1: Fly out, F8 (Flyball, 8RM)
Batting: RHB Ratko Ralevic 0-0: Called Strike
0-1: Fly out, F7 (Flyball, 7S)
Batting: RHB Adrijan Markovski 0-0: Ball
1-0: SINGLE (Groundball, 6D)
Badry Maksimenov to third
Runner from 3rd tries for Home, SAFE, no throw
Batting: LHB Jim Halpert 0-0: Foul Ball, location: 2F
0-1: Called Strike
0-2: Strikes out swinging
Top of the 5th over - 1 run(s), 2 hit(s), 0 error(s), 1 left on base; Mancelona 7 - Myrtle Beach 2
BOTTOM OF THE 5TH
Myrtle Beach Seahawks batting - Pitching for Mancelona Torch : RHP David Buchanan
Batting: RHB Melvin Aikey 0-0: Ball
1-0: Ball
2-0: DOUBLE (Line Drive, 7LM)
Batting: RHB Howard Lee 0-0: SINGLE (Groundball, 6D)
Melvin Aikey to third
Batting: RHB Reece Cockin 0-0: Ball
Passed Ball!
Melvin Aikey scores
Howard Lee to second
1-0: Ball
2-0: Ball
3-0: Base on Balls
Batting: RHB Juan Mata 0-0: Foul Ball, location: 2F
0-1: Called Strike
0-2: Foul Ball, location: 2F
0-2: Ball
1-2: Strikes out swinging
Batting: RHB Aquiles Morda 0-0: Called Strike
0-1: Ball
1-1: Ball
2-1: Ball
3-1: Reached via error on a dropped throw, E6
Howard Lee to third
Reece Cockin to second
Batting: RHB Andy Llewellyn 0-0: Foul Ball, location: 2F
0-1: SINGLE (Groundball, 34D)
Howard Lee scores
Reece Cockin to third
Aquiles Morda to second
Runner from 3rd tries for Home, SAFE, no throw
Pitching: LHP Ramiro Elizondo
Batting: RHB Francisco Moreno 0-0: Called Strike
0-1: Called Strike
0-2: Ball
1-2: Ball
2-2: Strikes out swinging
Batting: LHB Peter Ough 0-0: Called Strike
0-1: Ball
1-1: Ground out U3 (Groundball, 3)
Bottom of the 5th over - 3 run(s), 3 hit(s), 1 error(s), 2 left on base; Mancelona 7 - Myrtle Beach 5
TOP OF THE 6TH
Mancelona Torch batting - Pitching for Myrtle Beach Seahawks : LHP Ramón Anaya
Batting: RHB Bob Phillips 0-0: Swinging Strike
0-1: Ball
1-1: Foul Ball, location: 2F
1-2: Strikes out swinging
Batting: LHB Yu-zeng Si 0-0: Ball
1-0: Called Strike
1-1: Ball
2-1: Swinging Strike
2-2: Strikes out looking
Batting: RHB Kyle Vandenbrink 0-0: Ball
1-0: SINGLE (Line Drive, 7LS)
Batting: LHB Alberto Hernández 0-0: Ball
1-0: Ball
2-0: Called Strike
2-1: Foul Ball, location: 2F
2-2: Ball
3-2: Strikes out swinging
Top of the 6th over - 0 run(s), 1 hit(s), 0 error(s), 1 left on base; Mancelona 7 - Myrtle Beach 5
BOTTOM OF THE 6TH
Myrtle Beach Seahawks batting - Pitching for Mancelona Torch : LHP Ramiro Elizondo
Batting: RHB Doug Allerdale 0-0: Ball
1-0: Called Strike
1-1: Swinging Strike
1-2: Strikes out swinging
Batting: RHB Melvin Aikey 0-0: Ball
1-0: Swinging Strike
1-1: Foul Ball, location: 2F
1-2: Strikes out swinging
Batting: RHB Howard Lee 0-0: Called Strike
0-1: Ball
1-1: Ball
2-1: Ball
3-1: Foul Ball, location: 2F
3-2: Fly out, F2 (Popup, 34S)
Bottom of the 6th over - 0 run(s), 0 hit(s), 0 error(s), 0 left on base; Mancelona 7 - Myrtle Beach 5
TOP OF THE 7TH
Mancelona Torch batting - Pitching for Myrtle Beach Seahawks : LHP Ramón Anaya
Batting: LHB Badry Maksimenov 0-0: Called Strike
0-1: SINGLE (Groundball, 56D)
Batting: RHB Armando Pacheco 0-0: Bunted foul
0-1: Bunted foul
0-2: Foul Ball, location: 2F
0-2: Foul Ball, location: 2F
0-2: Ball
1-2: Foul Ball, location: 2F
1-2: Ball
Passed Ball!
Badry Maksimenov to second
2-2: Foul Ball, location: 2F
2-2: Fly out, F9 (Flyball, 9D)
Runner from 2nd tags up, SAFE at 3rd, no throw
Batting: RHB Ratko Ralevic 0-0: Called Strike
0-1: Ground out 6-3 (Groundball, 6)
Batting: RHB Adrijan Markovski 0-0: Ball
1-0: Swinging Strike
1-1: Ball
2-1: Called Strike
2-2: Ball
3-2: Base on Balls
Pinch Hitting: RHB José Córdova 0-0: Ball
1-0: Ball
2-0: Called Strike
2-1: Swinging Strike
2-2: Ball
Wild Pitch!
Badry Maksimenov scores
Adrijan Markovski to second
3-2: Base on Balls
Batting: RHB Bob Phillips 0-0: Ball
1-0: Ball
2-0: Ball
3-0: Called Strike
3-1: Fly out, F4 (Line Drive, 4)
Top of the 7th over - 1 run(s), 1 hit(s), 0 error(s), 2 left on base; Mancelona 8 - Myrtle Beach 5
BOTTOM OF THE 7TH
Myrtle Beach Seahawks batting - Pitching for Mancelona Torch : LHP Ramiro Elizondo
Now in CF: Alex Vaske
Batting: RHB Reece Cockin 0-0: Called Strike
0-1: Called Strike
0-2: Fly out, F9 (Flyball, 9)
Batting: RHB Juan Mata 0-0: Called Strike
0-1: Swinging Strike
0-2: Strikes out swinging
Batting: RHB Aquiles Morda 0-0: Ball
1-0: Foul Ball, location: 2F
1-1: Ball
2-1: Swinging Strike
2-2: Ball
3-2: Fly out, F8 (Flyball, 8LM)
Bottom of the 7th over - 0 run(s), 0 hit(s), 0 error(s), 0 left on base; Mancelona 8 - Myrtle Beach 5
TOP OF THE 8TH
Mancelona Torch batting - Pitching for Myrtle Beach Seahawks : LHP Ramón Anaya
Batting: LHB Yu-zeng Si 0-0: Fly out, F9 (Flyball, 9)
Batting: RHB Kyle Vandenbrink 0-0: Ball
1-0: Ball
2-0: Ball
3-0: Base on Balls
Batting: LHB Alberto Hernández 0-0: Called Strike
0-1: Ball
1-1: DOUBLE (Groundball, 5L)
Kyle Vandenbrink to third
Pitching: RHP Sam Schultz
Batting: LHB Badry Maksimenov 0-0: Ball
1-0: Fly out, F9 (Flyball, 89M)
Runner from 3rd tags up, SCORES, no throw
Batting: RHB Armando Pacheco 0-0: Called Strike
0-1: SINGLE (Line Drive, 56D)
Alberto Hernández to third
Runner from 3rd tries for Home, SAFE, no throw
Batting: RHB Ratko Ralevic 0-0: Ball
1-0: Foul Ball, location: 2F
1-1: Ball
2-1: Foul Ball, location: 2F
2-2: Strikes out swinging
Top of the 8th over - 2 run(s), 2 hit(s), 0 error(s), 1 left on base; Mancelona 10 - Myrtle Beach 5
BOTTOM OF THE 8TH
Myrtle Beach Seahawks batting - Pitching for Mancelona Torch : LHP Ramiro Elizondo
Batting: RHB Andy Llewellyn 0-0: Ball
1-0: Called Strike
1-1: Called Strike
1-2: Ball
2-2: Strikes out looking
Batting: RHB Francisco Moreno 0-0: Fly out, F9 (Flyball, 9D)
Batting: LHB Peter Ough 0-0: Called Strike
0-1: Foul Ball, location: 2F
0-2: Ball
1-2: Foul Ball, location: 2F
1-2: Strikes out swinging
Bottom of the 8th over - 0 run(s), 0 hit(s), 0 error(s), 0 left on base; Mancelona 10 - Myrtle Beach 5
TOP OF THE 9TH
Mancelona Torch batting - Pitching for Myrtle Beach Seahawks : RHP Sam Schultz
Batting: RHB Adrijan Markovski 0-0: Foul Ball, location: 2F
0-1: Foul Ball, location: 2F
0-2: Ball
1-2: SOLO HOME RUN (Flyball, 78XD), Distance : 453 ft
Batting: RHB Alex Vaske 0-0: Called Strike
0-1: Swinging Strike
0-2: Ball
1-2: Ball
2-2: SINGLE (Groundball, 6MD)
Batting: RHB Bob Phillips 0-0: Called Strike
0-1: Swinging Strike
0-2: Foul Ball, location: 2F
0-2: Strikes out looking
Batting: LHB Yu-zeng Si 0-0: Ball
1-0: Swinging Strike
1-1: Fly out, F7 (Flyball, 7S)
Batting: RHB Kyle Vandenbrink 0-0: Ball
1-0: Foul Ball, location: 2F
1-1: Ball
2-1: Swinging Strike
2-2: Ball
3-2: Strikes out looking
Top of the 9th over - 1 run(s), 2 hit(s), 0 error(s), 1 left on base; Mancelona 11 - Myrtle Beach 5
BOTTOM OF THE 9TH
Myrtle Beach Seahawks batting - Pitching for Mancelona Torch : LHP Ramiro Elizondo
Batting: RHB Doug Allerdale 0-0: Called Strike
0-1: Ball
1-1: Ball
2-1: Swinging Strike
2-2: Strikes out swinging
Batting: RHB Melvin Aikey 0-0: Ball
1-0: Called Strike
1-1: Ball
2-1: Swinging Strike
2-2: Foul Ball, location: 2F
2-2: Ball
3-2: Base on Balls
Batting: RHB Howard Lee 0-0: Ball
1-0: Grounds into double play, 5-4-3 (Groundball, 56)
Bottom of the 9th over - 0 run(s), 0 hit(s), 0 error(s), 0 left on base; Mancelona 11 - Myrtle Beach 5
Friday, August 25th, 2017 - OOTP Baseball 17.12 Build 75